 Dungeon Crawl Stone Soup version 0.22.1-1-ga44c0e56f4 (webtiles) character file.

51 PikkenKukken the Grasshopper (level 3, -1/31 HPs)
             Began as a Gnoll Warper on Oct 3, 2018.
             Killed from afar by Natasha (4 damage)
             ... with a magic dart
             ... on level 1 of the Dungeon.
             The game lasted 00:02:35 (1022 turns).

PikkenKukken the Grasshopper (Gnoll Warper)         Turns: 1022, Time: 00:02:36

Health: -1/31      AC:  3    Str: 13    XL:     3   Next: 83%
Magic:  8/9        EV: 14    Int: 16    God:
Gold:   40         SH:  0    Dex: 14    Spells: 10/12 levels left

rFire    . . .     SeeInvis +   a - +1 mace
rCold    . . .     Gourm    .   (no shield)
rNeg     . . .     Faith    .   b - +0 leather armour
rPois    .         Spirit   .   (no helmet)
rElec    .         Reflect  .   (no cloak)
rCorr    .         Harm     .   (no gloves)
MR       .....                  (no boots)
Stlth    +.........             (no amulet)
HPRegen  0.10/turn              o - ring of see invisible
MPRegen  0.11/turn              (no ring)

@: shrouded
A: distributed training, fangs 1, strong nose
a: no special abilities


You were on level 1 of the Dungeon.
You were not hungry.

You visited 1 branch of the dungeon, and saw 2 of its levels.

You collected 40 gold pieces.

Inventory:

Hand Weapons
 a - a +1 mace (weapon)
Missiles
 e - 5 tomahawks of dispersal (quivered)
 i - 18 sling bullets
 j - 54 stones
 n - 14 arrows
Armour
 b - a +0 leather armour (worn)
Jewellery
 o - a ring of see invisible (left hand)
Scrolls
 d - a scroll of blinking
 l - 2 scrolls of enchant weapon
Potions
 k - a potion of heal wounds
 m - a potion of invisibility {unknown}
Comestibles
 f - 3 rations
 g - 2 chunks of flesh


   Skills:
 + Level 4.5 Fighting
 + Level 0.9 Short Blades
 + Level 0.9 Long Blades
 + Level 0.9 Axes
 + Level 4.5 Maces & Flails
 + Level 0.9 Polearms
 + Level 0.9 Staves
 + Level 0.9 Slings
 + Level 0.9 Bows
 + Level 0.9 Crossbows
 + Level 2.6 Throwing
 + Level 2.6 Armour
 + Level 4.5 Dodging
 + Level 0.9 Stealth
 + Level 0.9 Shields
 + Level 0.9 Unarmed Combat
 + Level 5.0 Spellcasting
 + Level 0.6 Conjurations
 + Level 0.6 Hexes
 + Level 0.6 Charms
 + Level 0.6 Summonings
 + Level 0.6 Necromancy
 + Level 5.4 Translocations
 + Level 0.6 Transmutations
 + Level 0.6 Fire Magic
 + Level 0.6 Ice Magic
 + Level 0.6 Air Magic
 + Level 0.6 Earth Magic
 + Level 0.6 Poison Magic
 + Level 1.0 Invocations
 + Level 0.9 Evocations


You had 10 spell levels left.
You knew the following spells:

 Your Spells              Type           Power        Failure   Level  Hunger
a - Shroud of Golubria    Chrm/Tloc      ##........   9%          2    #......

Your spell library contained the following spells:

 Spells                   Type           Power        Failure   Level  Hunger
 Blink                    Tloc           N/A          3%          2    #......
 Gell's Gravitas          Tloc           ###.......   6%          3    ###....
 Lesser Beckoning         Tloc           ###.......   6%          3    ###....
 Teleport Other           Tloc           ###.....     6%          3    ###....
 Passage of Golubria      Tloc           N/A          21%         4    ####...


Dungeon Overview and Level Annotations

Branches:
Dungeon (2/15)

Altars:

Annotations:
D:1 Natasha


Innate Abilities, Weirdness & Mutations

Your experience applies equally to all skills.
You have very sharp teeth.
Your uncanny sense of smell can sniff out nearby items.


Message History

You closely miss Natasha. Natasha claws you.
* * * LOW HITPOINT WARNING * * *
The hobgoblin completely misses you.
Your shroud bends Natasha's attack away.
You closely miss Natasha. The hobgoblin hits you with a club.
* * * LOW HITPOINT WARNING * * *
Natasha misses you.
You barely miss Natasha. The hobgoblin misses you. Natasha claws you.
* * * LOW HITPOINT WARNING * * *
You closely miss Natasha. The hobgoblin barely misses you.
Natasha stares at you and mumbles some strange words.
You resist with significant effort.
You barely miss Natasha.
The hobgoblin hits you but does no damage.
Natasha barely misses you. The hobgoblin closely misses you.
Your shroud bends Natasha's attack away.
Some of the chunks of flesh in your inventory have rotted away.
Natasha stares at you and mumbles some strange words.
The magic dart hits you!
You die...

##########.....##
#......##.......#
#......##.......# #
#......##.......# #
#......###.....## #######
#......##.......# #
......####....g.##.......#
####
..###.........h.#........#
##... ..#
#.####......@.#.....##
#..## ..# #.#
#......#.##...## ##.## ..#
#.# ##...........#.# #..#
..###.#
#......#####...#####.##
..#...# #....).#
##..##....#
..#.#####......#
#..#..#### ..#.#
#........# ###..#.## ..#.#
#........# #......###
#######..#######
#........#


You could see Natasha and a hobgoblin.

Vanquished Creatures
  Natasha (D:2)
  An adder (D:2)
  A leopard gecko (D:1)
  A giant cockroach (D:1)
  6 goblins
  2 hobgoblins (D:1)
  A ball python (D:1)
  A bat (D:1)
  2 frilled lizards (D:1)
16 creatures vanquished.

Notes
Turn   | Place    | Note
-------+----------+-------------------------------------------
     0 | D:1      | PikkenKukken the Gnoll Warper began the quest for the Orb.
     0 | D:1      | Reached XP level 1. HP: 20/20 MP: 6/6
   380 | D:1      | Reached XP level 2. HP: 26/26 MP: 7/7
   846 | D:2      | Reached skill level 5 in Spellcasting
   846 | D:2      | Reached XP level 3. HP: 23/31 MP: 7/9
   868 | D:2      | Learned a level 2 spell: Shroud of Golubria
   966 | D:2      | Noticed Natasha
   981 | D:2      | Killed Natasha
   981 | D:2      | Reached skill level 1 in Invocations
  1005 | D:2      | Noticed Natasha
  1022 | D:1      | Killed from afar by Natasha

Skill      XL: |  1  2  3 |
---------------+----------+-----
Spellcasting   | 5 |  5.0
Invocations    | 1 |  1.0
Fighting       | |  4.5
Short Blades   | |  0.9
Long Blades    | |  0.9
Axes           | |  0.9
Maces & Flails | |  4.5
Polearms       | |  0.9
Staves         | |  0.9
Slings         | |  0.9
Bows           | |  0.9
Crossbows      | |  0.9
Throwing       | |  2.6
Armour         | |  2.6
Dodging        | |  4.5
Stealth        | |  0.9
Shields        | |  0.9
Unarmed Combat | |  0.9
Conjurations   | |  0.6
Hexes          | |  0.6
Charms         | |  0.6
Summonings     | |  0.6
Necromancy     | |  0.6
Translocations | |  5.4
Transmutations | |  0.6
Fire Magic     | |  0.6
Ice Magic      | |  0.6
Air Magic      | |  0.6
Earth Magic    | |  0.6
Poison Magic   | |  0.6
Evocations     | |  0.9

Action                   || total
-------------------------++-------
Melee: Mace              ||    62
       Bite              ||     7
 Cast: Shroud of Golubri ||     2
  Use: Scroll            ||     3
Armor: Leather armour    ||    15
Dodge: Dodged            ||    55
